 Dungeon Crawl Stone Soup version 0.24.0-123-gd5b16e6ec5 (webtiles) character file.

Game seed: 15716355275168777127, levelgen mode: deterministic

27 Ponchio the Digger (level 2, 0/15 HPs)
             Began as a Deep Elf Earth Elementalist on Jan 16, 2020.
             Slain by a hobgoblin
             ... wielding a +0 club
              (6 damage)
             ... on level 1 of the Dungeon.
             The game lasted 00:02:08 (764 turns).

Ponchio the Digger (Deep Elf Earth Elementalist)     Turns: 764, Time: 00:02:09

Health: 0/15       AC:  2    Str:  5    XL:     2   Next: 93%
Magic:  7/8        EV: 13    Int: 19    God:
Gold:   43         SH:  0    Dex: 15    Spells: 7/8 levels left

rFire    . . .     SeeInvis .   a - +0 dagger
rCold    . . .     Gourm    .   (no shield)
rNeg     . . .     Faith    .   c - +0 robe
rPois    .         Spirit   .   (no helmet)
rElec    .         Reflect  .   (no cloak)
rCorr    .         Harm     .   (no gloves)
MR       .....                  (no boots)
Stlth    ++........             (no amulet)
HPRegen  0.05/turn              (no ring)
MPRegen  0.11/turn              (no ring)

@: no status effects
A: no striking features
a: no special abilities


You were on level 1 of the Dungeon.
You were not hungry.

You visited 1 branch of the dungeon, and saw 1 of its levels.

You collected 43 gold pieces.

Inventory:

Hand Weapons
 a - a +0 dagger (weapon)
Missiles
 b - 32 stones (quivered)
Armour
 c - a +0 robe (worn)
Scrolls
 e - a scroll of random uselessness {unknown}
 g - a scroll of amnesia {unknown}
Potions
 f - a potion of curing {unknown}
 h - a potion of degeneration {unknown}
Comestibles
 d - 2 rations


   Skills:
 - Level 2.4 Dodging
 - Level 2.4 Stealth
 + Level 3.6 Spellcasting
   Level 1.1 Transmutations
 * Level 4.2 Earth Magic


You had 7 spell levels left.
You knew the following spells:

 Your Spells              Type           Power        Failure   Level  Hunger
a - Sandblast             Erth           ###...       2%          1    None

Your spell library contained the following spells:

 Spells                   Type           Power        Failure   Level  Hunger
 Passwall                 Tmut/Erth      ##......     7%          2    ##.....
 Stone Arrow              Conj/Erth      ##....       19%         3    ###....
 Petrify                  Tmut/Erth      ##......     43%         4    ####...
 Lee's Rapid Deconstruct  Erth           ###.......   56%         5    ######.


Dungeon Overview and Level Annotations

Branches:
Dungeon (1/15)

Altars:


Message History

Found 16 gold pieces.
Found a white potion.
The hobgoblin closely misses you.
You hit the hobgoblin but do no damage. The hobgoblin hits you with a +0 club.
You hit the hobgoblin.
The hobgoblin is moderately wounded.
The hobgoblin misses you.
You hit the hobgoblin but do no damage.
The hobgoblin is moderately wounded.
The hobgoblin hits you with a +0 club.
You are too injured to fight recklessly!
Casting: Sandblast (safe; 2% risk of failure)
Confirm with . or Enter, or press ? or * to list all spells.
Aiming: Sandblast (safe; 2% risk of failure)
Press: ? - help, Shift-Dir - straight line, f - hobgoblin
Aim: a hobgoblin, wielding a +0 club (moderately wounded)
The blast of sand misses the hobgoblin.
b - 32 stones The hobgoblin hits you with a +0 club.
You die...

#....§§§ #....!.....#
#.....§≈ #.....$....#
#....§§§ #..........#
#?....≈. #..........#
#.....≈≈ #..........#
#.....≈. #####..........#
#.....≈. ................
#.....≈. . #...@g..$..#
#.....≈. .....#..........#
#.....≈≈ .....#.##########
#....... .#............#
######## ...............#
....
#.#........[...############
#.#...................#
#.#................†..#
#.#............)......#


You could see a hobgoblin.

Vanquished Creatures
  3 oozes (D:1)
  4 bats (D:1)
  2 goblins (D:1)
  2 frilled lizards (D:1)
  2 kobolds (D:1)
  2 rats (D:1)
15 creatures vanquished.

Notes
Turn   | Place    | Note
-------+----------+-------------------------------------------
     0 | D:1      | Ponchio the Deep Elf Earth Elementalist began the quest for
                  | the Orb.
     0 | D:1      | Reached XP level 1. HP: 10/10 MP: 6/6
    82 | D:1      | Reached XP level 2. HP: 8/15 MP: 4/8
   419 | D:1      | Reached skill level 4 in Earth Magic
   764 | D:1      | Slain by a hobgoblin

Levels and vault maps discovered:
D:1:      erik_arrival_gehennom, layout_basic, hangedman_decor_growths,
          corexii_leaking_fountain, minivault_23

Skill      XL: |  1  2 |
---------------+-------+-----
Earth Magic    | 4 |  4.2
Dodging        | |  2.4
Stealth        | |  2.4
Spellcasting   | |  3.6
Transmutations | |  1.1

Action                   || total
-------------------------++-------
Melee: Dagger            ||    35
 Cast: Sandblast         ||    18
 Stab: Sleeping          ||     3
Armor: Robe              ||     4
Dodge: Dodged            ||    31
